 Dungeon Crawl Stone Soup version 0.30-a0-1018-g25214051b3 (webtiles) character file.

Game seed: 7675933835982471509

8988 BubbleThief the Fighter (level 11, -1/95 HPs)
             Began as a Demonspawn Necromancer on Apr 6, 2023.
             Was a Believer of Kikubaaqudgha.
             Slain by a salamander
             ... wielding a +1 trident
              (13 damage)
             ... on level 2 of the Lair of Beasts on Apr 7, 2023.
             The game lasted 00:28:48 (12295 turns).

BubbleThief the Fighter (Demonspawn Necromancer)   Turns: 12295, Time: 00:28:49

Health: -1/95      AC: 16    Str: 10    XL:     11   Next: 17%
Magic:  14/14      EV: 19    Int: 16    God:    Kikubaaqudgha [**....]
Gold:   180        SH:  0    Dex: 17    Spells: 5/14 levels left

rFire   . . .      SeeInvis +    q - +12 glaive of Prune {freeze, Prune}
rCold   + . .      Faith    .    (shield currently unavailable)
rNeg    . . .      Spirit   .    a - +0 robe
rPois   .          Reflect  .    K - +0 helmet
rElec   .          Rampage  .    I - +2 cloak {Stlth+}
rCorr   .                        (no gloves)
Will    .....                    m - +0 pair of boots
Stlth   +++                      n - amulet of the acrobat
HPRegen 0.35/turn                i - ring of see invisible
MPRegen 0.14/turn                k - ring of protection from cold

@: sanguine armoured
A: spiny 2, sanguine armour 2, weakness stinger 2
a: Renounce Religion, Unearth Wretches


You were on level 2 of the Lair of Beasts.
You worshipped Kikubaaqudgha.
Kikubaaqudgha was pleased with you.
You visited 2 branches of the dungeon, and saw 10 of its levels.
You also visited: Ossuary.

You collected 744 gold pieces.
You spent 564 gold pieces at shops.

Inventory:

Hand Weapons
 q - the +12 glaive of Prune (weapon) {freeze, Prune}
   (You acquired it on level 8 of the Dungeon)

   Prune:     It halves damage taken while paralysed, petrified or unconscious.
 s - a +2 dagger of venom
 v - the +4 long sword of Ilol {flame, Dex+4}
   (You found it on level 8 of the Dungeon)

   Dex:       It affects your dexterity (+4).
 R - a +4 heavy shortbow
Missiles
 u - a throwing net
Armour
 a - a +0 robe (worn)
 m - a +0 pair of boots (worn)
 I - a +2 cloak of stealth (worn)
 K - a +0 helmet (worn)
 L - the +5 Storm Queen's Shield {shock, Fly rElec}
   (You acquired it on level 1 of the Lair of Beasts)

   Shock:     When it blocks an attack, it may electrocute the attacker.
   This works even against foes who are a short distance away.
   rElec:     It insulates you from electricity.
   Fly:       It grants you flight.
Magical Staves
 d - a staff of death
Jewellery
 i - a ring of see invisible (left hand)
 k - a ring of protection from cold (right hand)
 l - a ring of resist corrosion
 n - an amulet of the acrobat (around neck)
 M - a ring of flight
Wands
 C - a wand of paralysis (9)
 O - a wand of iceblast (14)
Scrolls
 c - 14 scrolls of identify
 e - 2 scrolls of enchant armour
 f - 2 scrolls of poison
 j - 2 scrolls of blinking
 t - 3 scrolls of vulnerability
 y - 2 scrolls of amnesia
 B - 5 scrolls of teleportation
 G - a scroll of brand weapon
 J - 2 scrolls of fog
Potions
 b - 2 potions of magic
 g - 4 potions of might
 h - 4 potions of attraction {unknown}
 o - 5 potions of lignification {unknown}
 p - 2 potions of cancellation {unknown}
 r - 2 potions of mutation {unknown}
 w - 2 potions of brilliance
 x - a potion of ambrosia {unknown}
 z - 2 potions of flight {unknown}
 A - 2 potions of curing
 D - a potion of haste {unknown}
 E - 3 potions of heal wounds {unknown}
 F - a potion of degeneration {unknown}
 H - a potion of berserk rage {unknown}
Miscellaneous
 P - a phantom mirror (inert)
 Q - a tin of tremorstones (1/2)


   Skills:
 + Level 12.2 Fighting
 + Level 11.4 Dodging
 - Level 1.7 Stealth
 - Level 2.2 Spellcasting
 - Level 4.7 Necromancy


You had 5 spell levels left.
You knew the following spells:

 Your Spells              Type           Power      Damage    Failure   Level
a - Necrotise             Necr           68%        1d7       3%          1
b - Vampiric Draining     Necr           17%        2d7       9%          3
c - Animate Dead          Necr           17%        N/A       28%         4
d - Shock                 Conj/Air       4%         1d3       21%         1

Your spell library contained the following spells:

 Spells                   Type           Power      Damage    Failure   Level
 Kiss of Death            Conj/Necr      36%        2d8       8%          1
 Foxfire                  Conj/Fire      4%         2x1d4     21%         1
 Blink                    Tloc           2%         N/A       30%         2
 Lesser Beckoning         Tloc           2%         N/A       30%         2
 Momentum Strike          Conj/Tloc      2%         3d8       30%         2
 Swiftness                Air            1%         N/A       52%         3
 Agony                    Necr           17%        N/A       63%         5
 Airstrike                Air            0%         2d(1-17)  90%         4
 Passage of Golubria      Tloc           1%         N/A       90%         4
 Arcjolt                  Conj/Air       0%         1d10      99%         5
 Silence                  Hex/Air        0%         N/A       99%         5
 Simulacrum               Ice/Necr       4%         N/A       100%        6
 Lehudib's Crystal Spear  Conj/Erth      0%         10d2      100%        8


Dungeon Overview and Level Annotations

Branches:
Dungeon (8/15)             Temple (0/1) D:6            Lair (2/5) D:8
  Snake (0/4) Lair:2      Ossuary (visited)
  Swamp: Lair:2-3    Shoals: Lair:2-3

Altars:
Fedhas
Kikubaaqudgha
Makhleb
Nemelex Xobeh
Okawaru
Ru

Shops:
D:8 *


Innate Abilities, Weirdness & Mutations

You are mostly covered in sharp spines.
When seriously injured, your blood forms thick armour. (AC +9)
You have a tail ending in a sharp stinger.


Message History

There is a stone staircase leading down here.
You start resting.
Your blood armour dries and flakes away.
You start resting.
HP restored.
You climb downwards.
The salamander completely misses you.
There is a stone staircase leading up here.
Unknown command.
You reach to attack!
You closely miss the salamander.
The salamander hits you from afar with a +1 trident!
You are engulfed in flames!
The salamander hits you from afar with a +1 trident!
You are engulfed in flames!
Your blood congeals into armour.
The salamander is struck by your spines.
The salamander completely misses you.
You closely miss the salamander.
The salamander is lightly wounded.
The salamander hits you with a +1 trident!
You are engulfed in flames!
You slash the salamander! You freeze the salamander.
The salamander is lightly wounded.
The salamander hits you with a +1 trident!
* * * LOW HITPOINT WARNING * * *
You are engulfed in flames!
* * * LOW HITPOINT WARNING * * *
The salamander is struck by your spines.
The salamander misses you.
Okay, then.
Aiming: Paralyse
Press: ? - help, Shift-Dir - straight line, f/p - salamander
Aim: a salamander, wielding a +1 trident (lightly wounded, chance to affect: 31%)
Okay, then.
You slash the salamander! You freeze the salamander!
You tail-slap the salamander, but do no damage.
The salamander is heavily wounded.
The salamander hits you with a +1 trident.
* * * LOW HITPOINT WARNING * * *
You are engulfed in flames!
You die...
Kikubaaqudgha rasps: "You have failed me!
Welcome... death!"

...................>.≈
.............#...§..≈
#P..........###≈≈≈§≈
##..........## §§≈#
#...........######
##......#..#..(....
#.....#..⌠.##......
##N...#............
####@...#⌠.<.⌠#......
##P.#<...#............
...........#.....#......
###.#.#.#...#..###.###.#
#.....#.#.....#.# ..
#.####..#.....#.#
+.......#.#.....#
#...⌠.|.+...⌠....
+.......#.#...#.#.


You could see a salamander.

Vanquished Creatures
  A two-headed ogre (D:8)
  A skeletal warrior (D:8)
  Pikel (D:5)
  A manticore (D:8)
  A gargoyle (D:8)
  3 cane toads (Lair:1)
  A troll (D:8)
  3 dream sheep (Lair:2)
  Sigmund (D:3)
  6 yaks
  A steam dragon (D:8)
  A vampire mosquito (D:8)
  2 water moccasins
  An orc warrior (D:8)
  2 black bears
  An ogre (D:7)
  4 centaurs
  3 wolves (Lair:1)
  3 lemures (D:5)
  2 bullfrogs
  2 kobold brigands
  2 scorpions
  A gnoll sergeant (D:8)
  4 wights (D:7)
  3 howler monkeys
  A jelly (D:8)
  2 hounds (D:5)
  A lava snake (Lair:2)
  Crazy Yiuf (D:7)
  6 orc priests
  A gnoll bouda (D:8)
  3 sleepcaps (D:5)
  Jessica (D:3)
  Terence (D:3)
  9 orc wizards
  8 mummies (Ossuary)
  7 gnolls (D:8)
  11 adders
  A white imp (D:8)
  An ufetubus (D:5)
  5 dart slugs
  28 orcs
  5 ball pythons
  9 endoplasms
  2 giant cockroaches (D:4)
  12 goblins
  7 hobgoblins
  3 jackals (D:5)
  3 quokkas
  3 bats (D:1)
  3 frilled lizards
  A gnoll zombie (Ossuary)
  19 kobolds
  3 kobold zombies (Ossuary)
  4 orc zombies (Ossuary)
  5 rats
217 creatures vanquished.

Vanquished Creatures (collateral kills)
  A komodo dragon (Lair:1)
  A dream sheep (Lair:2)
  2 yaks
  A wolf (Lair:1)
  An orc priest (D:5)
  A gnoll (D:8)
  An orc (D:8)
8 creatures vanquished.

Vanquished Creatures (others)
  A dream sheep zombie (Lair:2)
  A human (D:6)
  A water moccasin zombie (Lair:2)
  A wolf zombie (Lair:1)
  A bullfrog zombie (Lair:2)
  4 fungi
  3 plants
12 creatures vanquished.

Grand Total: 237 creatures vanquished

Notes
Turn   | Place    | Note
-------+----------+-------------------------------------------
     0 | D:1      | BubbleThief the Demonspawn Necromancer began the quest for
                  | the Orb.
     0 | D:1      | Reached XP level 1. HP: 13/13 MP: 3/3
   202 | D:1      | Gained mutation: You have a small tail. [demonic ancestry]
   202 | D:1      | Reached XP level 2. HP: 19/19 MP: 3/5
   890 | D:1      | Reached skill level 1 in Fighting
  1072 | D:2      | Gained mutation: When seriously injured, your blood forms
                  | armour. (AC +9) [demonic ancestry]
  1072 | D:2      | Reached XP level 3. HP: 26/26 MP: 3/6
  1131 | D:2      | Found a blossoming altar of Fedhas.
  1442 | D:2      | Found a faded altar of an unknown god.
  1842 | D:3      | Reached skill level 2 in Fighting
  1982 | D:3      | Noticed Terence
  1983 | D:3      | Noticed Jessica
  2079 | D:3      | Gained mutation: When seriously injured, your blood forms
                  | thick armour. (AC +9) [demonic ancestry]
  2079 | D:3      | Reached XP level 4. HP: 33/33 MP: 4/7
  2186 | D:3      | Noticed Sigmund
  2194 | D:3      | Killed Sigmund
  2195 | D:3      | Reached skill level 3 in Fighting
  2195 | D:3      | Gained mutation: You are partially covered in sharp spines.
                  | [demonic ancestry]
  2195 | D:3      | Reached XP level 5. HP: 35/41 MP: 1/8
  2428 | D:3      | Found an iron altar of Okawaru.
  2931 | D:3      | Reached XP level 6. HP: 38/48 MP: 2/9
  3063 | D:3      | Killed Terence
  3064 | D:3      | Reached skill level 4 in Fighting
  4399 | D:3      | Killed Jessica
  4441 | D:5      | Entered Level 5 of the Dungeon
  4463 | D:5      | Learned a level 3 spell: Vampiric Draining
  4468 | D:5      | Learned a level 4 spell: Animate Dead
  4491 | D:5      | Reached XP level 7. HP: 46/55 MP: 3/10
  4684 | D:5      | Found a sand-covered staircase.
  4690 | Ossuary  | Entered an ossuary
  4855 | Ossuary  | Learned a level 1 spell: Shock
  4874 | Ossuary  | Reached skill level 5 in Fighting
  4874 | Ossuary  | Reached skill level 5 in Dodging
  5462 | D:5      | Got the Directory of Chilly Battle Magic
  5759 | D:5      | Identified the +1 plate armour of Qean {Harm rCorr Str-3
                  | Dex+4}
  5762 | D:5      | Noticed Pikel
  6063 | D:5      | Noticed a two-headed ogre
  6147 | D:5      | Killed Pikel
  6148 | D:5      | Reached skill level 6 in Fighting
  6148 | D:5      | Reached XP level 8. HP: 33/65 MP: 1/11
  6387 | D:5      | Reached skill level 7 in Fighting
  6794 | D:6      | Found an ancient bone altar of Kikubaaqudgha.
  6799 | D:6      | Became a worshipper of Kikubaaqudgha
  7027 | D:6      | Found a staircase to the Ecumenical Temple.
  7986 | D:7      | Reached skill level 8 in Fighting
  8081 | D:7      | Identified the +2 ring mail "Gecky" {rC- rN++ Dex+2 SInv}
  8134 | D:7      | Found a burning altar of Makhleb.
  8150 | D:7      | Reached XP level 9. HP: 73/74 MP: 9/12
  8366 | D:7      | Upgraded the game from 0.30-a0-1016-gfb0d676c02 to
                  | 0.30-a0-1018-g25214051b3
  8397 | D:7      | Reached * piety under Kikubaaqudgha
  8397 | D:7      | Received a gift from Kikubaaqudgha
  8703 | D:7      | Found a sparkling altar of Nemelex Xobeh.
  8793 | D:7      | Found a runed translucent door.
  8794 | D:7      | Noticed Crazy Yiuf
  8802 | D:7      | Killed Crazy Yiuf
  9529 | D:8      | Found a sacrificial altar of Ru.
  9651 | D:8      | Found a blossoming altar of Fedhas.
  9697 | D:8      | Reached skill level 9 in Fighting
  9756 | D:8      | Found a staircase to the Lair.
  9854 | D:8      | Noticed a two-headed ogre
 10125 | D:8      | Noticed a troll
 10142 | D:8      | Killed a troll
 10223 | D:8      | Reached skill level 10 in Fighting
 10353 | D:8      | Noticed a skeletal warrior
 10355 | D:8      | Gained mutation: You are mostly covered in sharp spines.
                  | [demonic ancestry]
 10355 | D:8      | Reached XP level 10. HP: 85/85 MP: 9/13
 10450 | D:8      | Noticed a manticore
 10462 | D:8      | Killed a manticore
 10569 | D:8      | Identified the +4 long sword of Ilol {flame, Dex+4}
 10596 | D:8      | Killed a two-headed ogre
 10597 | D:8      | Reached skill level 10 in Dodging
 10613 | D:8      | Noticed a gargoyle
 10774 | D:8      | Found Vaorre's General Store.
 10779 | D:8      | Bought a phantom mirror for 480 gold pieces
 10779 | D:8      | Bought a potion of curing for 36 gold pieces
 10779 | D:8      | Bought a scroll of fog for 48 gold pieces
 10919 | D:8      | Identified a scroll of acquirement
 10919 | D:8      | Acquired the +12 glaive of Prune {freeze, Prune}
 10919 | D:8      | Found the +12 glaive of Prune {freeze, Prune}
 10957 | D:8      | Killed a skeletal warrior
 10957 | D:8      | Reached ** piety under Kikubaaqudgha
 10958 | D:8      | Reached skill level 11 in Fighting
 11076 | D:8      | Killed a gargoyle
 11240 | Lair:1   | Entered Level 1 of the Lair of Beasts
 11279 | Lair:1   | Noticed a cane toad
 11285 | Lair:1   | Killed a cane toad
 11333 | Lair:1   | Noticed a cane toad
 11338 | Lair:1   | Killed a cane toad
 11400 | Lair:1   | Noticed a cane toad
 11415 | Lair:1   | Killed a cane toad
 11425 | Lair:1   | Gained mutation: You have a tail ending in a sharp stinger.
                  | [demonic ancestry]
 11425 | Lair:1   | Reached XP level 11. HP: 86/95 MP: 11/14
 11692 | Lair:1   | Acquired the +5 Storm Queen's Shield {shock, Fly rElec}
 11692 | Lair:1   | Found the +5 Storm Queen's Shield {shock, Fly rElec}
 11885 | Lair:1   | Reached skill level 12 in Fighting
 12044 | Lair:2   | Found a staircase to the Snake Pit.
 12295 | Lair:2   | Slain by a salamander

Illustrated notes

Levels and vault maps discovered:
D:1:      dpeg_arrival_rooms_c, layout_basic, nrook_mini_backslash,
          dk_noncrumbling_3, kennysheep_nondescript
D:2:      layout_loops_ring, basic_altar,
          dreamdust_ecumenical_altar_sealed_demon
D:3:      layout_basic, mainiacjoe_overflow_24_doors, serial_co_window_serial,
          co_window_paths_a, co_window_paths_b, co_window_corner_a,
          co_window_of_opportunity_a, co_window_paths_b, co_window_corner_b,
          co_window_2corner, co_window_unsneaky_path_a, co_window_corner_ca,
          co_window_paths_d, co_window_sun, glass_columns_c, glass_columns_b,
          glass_columns_a, glass_columns_c, glass_columns_a, st_stairs_7,
          uniq_jessica, uniq_sigmund, uniq_terence
D:4:      layout_basic, minmay_fractal_squares_5
D:5:      layout_layer_cave, nicolae_ossuary_entry_plus, st_stairs_3,
          wad_floor_pattern_untrapped, due_unseen_surprise, uniq_pikel
D:6:      layout_basic, tgw_kikubaaqudgha, temple_green, minmay_hedge_maze,
          minmay_misc_feat_ornament
D:7:      layout_rooms, overflow_temple_1_default, nemelex_dance_club_becter,
          minmay_misc_feat_four_crosses, uniq_crazy_yiuf_cottage
D:8:      minmay_cut_squares, layout_gridville, fedhas_altar_1,
          nicolae_overflow_hidden_temple, serial_shops,
          nicolae_shop_hallway_plus
Lair:1:   layout_concentric_octagons, nicolae_quartered_pool_little
Lair:2:   layout_long_grid, palyth_hydra_swamp_entry,
          nicolae_snake_entry_warm_welcome, pdpol_lair_neglected_garden,
          beast_lair_carwin_1, grunt_megastairs_1

Skill      XL: |  1  2  3  4  5  6  7  8  9 10 11 |
---------------+----------------------------------+-----
Dodging        | 2 3 4 6 7 9 11 | 11.4
Fighting       | 1 2 3 4 6 8 10 11 12 | 12.2
Stealth        | |  1.7
Spellcasting   | |  2.2
Necromancy     | |  4.7

Action                     |  1- 3 |  4- 6 |  7- 9 | 10-12 || total
---------------------------+-------+-------+-------+-------++-------
  Melee: Unarmed           |     2 |       |       |       ||     2
         Staff             |       |     4 |   197 |     5 ||   206
         Dagger            |       |       |    22 |       ||    22
         Tailslap          |       |       |    45 |     7 ||    52
         Punch             |       |       |     4 |       ||     4
         Glaive            |       |       |       |    40 ||    40
         Long sword        |       |       |       |     4 ||     4
   Cast: Necrotise         |    70 |    75 |   184 |    30 ||   359
         Shock             |       |       |    13 |       ||    13
         Vampiric Draining |       |       |    12 |     4 ||    16
         Animate Dead      |       |       |       |     2 ||     2
  Evoke: Wand              |       |       |    20 |       ||    20
         Phantom mirror    |       |       |       |     1 ||     1
         Tin of tremorston |       |       |       |     1 ||     1
    Use: Scroll            |       |       |       |    12 ||    12
   Stab: Distracted        |       |       |     1 |       ||     1
         Sleeping          |       |       |       |     3 ||     3
 Armour: Robe              |     1 |     1 |    58 |     7 ||    67
  Dodge: Dodged            |     9 |    16 |   258 |    69 ||   352

Table legend: (Time is in decaauts)
 A = Elapsed time spent in this place.
 B = Non-inter-level travel time spent in this place.
 C = Inter-level travel time spent in this place.
 D = Time resting spent in this place.
 E = Time spent auto-exploring this place.
 F = Levels seen in this place.
 G = Mean time per level.
                   A        B        C        D        E       F      G
               +--------+--------+--------+--------+--------+-----+--------+
         Total |  12374 |  11773 |    601 |    621 |   9063 |  11 | 1124.9 |
       Dungeon |  10529 |   9951 |    578 |    254 |   7985 |   8 | 1316.1 |
          Lair |   1083 |   1060 |     23 |    219 |    689 |   2 |  541.5 |
       Ossuary |    760 |    760 |      0 |    148 |    389 |   1 |  760.0 |
               +--------+--------+--------+--------+--------+-----+--------+

Top non-repeatable levels by time:
     D:5: 1863 daAuts
     D:3: 1695 daAuts
     D:7: 1443 daAuts
     D:8: 1411 daAuts
     D:6: 1232 daAuts
     D:4: 1112 daAuts
     D:1: 1068 daAuts
  Lair:1: 984 daAuts
 Ossuary: 760 daAuts
     D:2: 701 daAuts
  Lair:2: 99 daAuts
